 Dungeon Crawl Stone Soup version 0.32-a0-614-gd166fa89d2 (webtiles) character file.

Game seed: 16373779175972784765

43 kae the Chopper (level 3, 0/29 HPs)
             Began as a Coglin Berserker on Mar 5, 2024.
             Was a Believer of Trog.
             Slain by a gnoll
             ... wielding a +0 club
              (6 damage)
             ... on level 2 of the Dungeon.
             The game lasted 00:01:10 (1035 turns).

kae the Chopper (Coglin Berserker)                  Turns: 1035, Time: 00:01:11

Health: 0/29       AC:  4    Str: 19    XL:     3   Next: 58%
Magic:  3/3        EV: 11    Int:  6    God:    Trog [**....]
Gold:   39         SH:  0    Dex: 13    Spells: 2/2 levels left

rFire   . . .        a - +0 hand axe {Ferran}
rCold   . . .        c - +0 dagger {Yuphin}
rNeg    . . .        k - +0 leather armour
rPois   .            (no helmet)
rElec   .            (no cloak)
rCorr   .            l - +0 pair of gloves
SInv    .            (no boots)
Will    .....        (amulet unavailable)
Stlth   +            (ring unavailable)
HPRegen 0.24/turn    (ring unavailable)
MPRegen 0.08/turn    (no gizmo)

%: no passive effects
@: revved
A: off-hand wielding, slow wielding, warmup strikes, no jewellery
a: Invent Gizmo, Renounce Religion, Berserk, Trog's Hand


You were on level 2 of the Dungeon.
You worshipped Trog.
Trog was pleased with you.
You visited 1 branch of the dungeon, and saw 2 of its levels.

You collected 39 gold pieces.


Innate Abilities, Weirdness & Mutations

You can wield a second weapon in your off-hand.
It takes a long time for you to wield or remove held weapons.
Your first few attacks do less damage.
You cannot equip rings or amulets.


   Skills:
 - Level 3.0 Fighting
 + Level 4.5 Axes
 - Level 1.7 Armour
 - Level 1.7 Dodging


You had 2 spell levels left.
You didn't know any spells.
Your spell library was empty.

Inventory:

Hand Weapons
 a - a +0 hand axe (weapon) {Ferran}
 c - a +0 dagger (offhand) {Yuphin}
Missiles
 d - 3 poisoned darts
 f - 6 stones
Armour
 k - a +0 leather armour (worn)
   (You found it on level 1 of the Dungeon)
 l - a +0 pair of gloves (worn)
   (You found it on level 1 of the Dungeon)
Magical Staves
 g - a staff of earth {forbidden!a}
   (You found it on level 1 of the Dungeon)
Jewellery
 D - a +6 ring of dexterity
   (You found it on level 2 of the Dungeon)
Scrolls
 b - a scroll of identify {@r1}
 h - a scroll of teleportation {unknown}
 j - a scroll of vulnerability {unknown}

Dungeon Overview and Level Annotations

Branches:
Dungeon (2/15) Zot: 10960

Altars:

Shops:
D:2

( #.. ..# #.# #.#
######.####.#
.........##.#
.......##.# ..... #.#
########.####.########
.....g)@.............#
......g#.####.######.#
###......# #.# #.#
#......# #.# #.#
#......# #.# #.#
#......# #.# #.#
#....#.# #.# #.#
#....#.# #.# #.# #.#
#.#


You could see 2 gnolls.


Message History

A rat is nearby!
A rat is nearby!
The rat squeaks loudly.
You barely miss the rat with your +0 dagger.
You hit the rat with your +0 hand axe. The rat misses you.
You hit the rat but do no damage.
You closely miss the rat with your +0 dagger.
The rat closely misses you.
You hit the rat with your +0 hand axe.
You kill the rat!
Trog accepts your kill.
No target in view!
No target in view!
b - a scroll of identify {@r1} Unknown command.
You now have 39 gold pieces (gained 5).
Found an escape hatch in the floor.
There is an escape hatch in the floor here.
As you open the door, it creaks loudly!
No target in view!
No target in view!
There is an open door here.
There is a fountain of clear blue water here.
You open the door.
There is an open door here.
Found Kaonuite's Antique Weapon Boutique.
There is an entrance to Kaonuite's Antique Weapon Boutique here.
D - a +6 ring of dexterity Unknown command.
A ball python comes into view.
The ball python hisses angrily.
A ball python is nearby!
A gnoll comes into view. It is wielding a +0 flail.
A gnoll comes into view. It is wielding a +0 spear.
A gnoll comes into view. It is wielding a +0 club.
The gnoll shouts!
There are monsters nearby!
There are monsters nearby!
You closely miss the ball python with your +0 dagger.
You hit the ball python with your +0 hand axe.
You kill the ball python!
Trog accepts your kill.
There are monsters nearby!
Unknown command.
Okay, then.
Unknown command.
You barely miss the gnoll with your +0 dagger.
You hit the gnoll with your +0 hand axe.
The gnoll misses you. The gnoll barely misses you.
Unknown command.
You hit the gnoll but do no damage.
You hit the gnoll with your +0 hand axe.
The gnoll hits you from afar with a +0 spear.
The gnoll closely misses you. 😕 HP[-2]
You take 2 damage, and now have 27/29 hp.
You hit the gnoll with your +0 hand axe.
You kill the gnoll!
Trog accepts your kill.
You closely miss the gnoll with your +0 hand axe.
The gnoll closely misses you.
The gnoll hits you from afar with a +0 spear.
Unknown command.
Unknown command.
You hit the gnoll but do no damage. x2; The gnoll barely misses you.
The gnoll hits you from afar with a +0 spear. 😕 HP[-4]
You take 4 damage, and now have 23/29 hp.
You hit the gnoll with your +0 hand axe.
You barely miss the gnoll with your +0 dagger.
The gnoll hits you from afar with a +0 spear.
The gnoll hits you with a +0 club. 😮 HP[-6]
You take 6 damage, and now have 17/29 hp.
MASSIVE DAMAGE!! (PAUSE)
You hit the gnoll but do no damage. x2; The gnoll misses you.
The gnoll hits you from afar with a +0 spear.
* * * LOW HITPOINT WARNING * * *
😨 HP[-5]
You take 5 damage, and now have 12/29 hp.
Unknown command.
You closely miss the gnoll with your +0 dagger.
You slash the gnoll with your +0 hand axe!
The gnoll hits you from afar with a +0 spear.
* * * LOW HITPOINT WARNING * * *
The gnoll hits you with a +0 club!
* * * LOW HITPOINT WARNING * * *
😱 HP[-9]
You take 9 damage, and now have 3/29 hp.
MASSIVE DAMAGE!! (PAUSE)
You feel better.
The gnoll hits you from afar with a +0 spear.
* * * LOW HITPOINT WARNING * * *
The gnoll closely misses you. 😱 HP[+1]
You feel better.
The gnoll hits you from afar with a +0 spear.
* * * LOW HITPOINT WARNING * * *
The gnoll hits you with a +0 club.
You die...

Skill      XL: |  1  2 |
---------------+-------+-----
Axes           | 4 |  4.5
Fighting       | |  3.0
Armour         | |  1.7
Dodging        | |  1.7

Action                     || total
---------------------------++-------
  Melee: Dagger            ||    54
         Hand axe          ||    61
    Use: Potion            ||     2
         Scroll            ||     1
 Armour: Animal skin       ||    29
         Leather armour    ||    11
  Dodge: Dodged            ||    37

Levels and vault maps discovered:
D:1:      erik_arrival_triangle_medium, layout_loops_ring,
          shapermc_ecumenical_altar_mp_urbaneastern
D:2:      minmay_recursive_quarters, layout_basic, serial_shops, shop, shop,
          nicolae_shop_tiny_real_fake_doors, nicolae_shop_getting_attention,
          basic_altar, minmay_fountain_box, grunt_ministairs_15

Notes
Turn   | Place    | Note
-------+----------+-------------------------------------------
     0 | D:1      | kae the Coglin Berserker began the quest for the Orb.
     0 | D:1      | Reached XP level 1. HP: 18/18 MP: 1/1
     0 | D:1      | magus.rc [v1.11.3]
   235 | D:1      | Reached XP level 2. HP: 13/24 MP: 2/2
   425 | D:1      | Found a faded altar of an unknown god.
   501 | D:1      | Reached skill level 4 in Axes
   545 | D:1      | Reached XP level 3. HP: 23/29 MP: 3/3
   869 | D:2      | Reached ** piety under Trog
   925 | D:2      | Found Kaonuite's Antique Weapon Boutique.
  1033 | D:2      | HP: 3/29 [gnoll/+0 club (7)]
  1035 | D:2      | Slain by a gnoll

Vanquished Creatures
  A gnoll (D:2)
  A dart slug (D:1)
  2 bats (D:1)
  3 endoplasms (D:1)
  A giant cockroach (D:1)
  3 goblins (D:1)
  3 hobgoblins (D:1)
  A kobold (D:1)
  4 quokkas (D:1)
  3 ball pythons
  A frilled lizard (D:2)
  6 rats
29 creatures vanquished.

Table legend:
 A = Non-vault XP
 B = Vault XP
 C = Vault XP percentage of total XP
 D = Non-vault monster count
 E = Vault monster count
 F = Vault count percentage of total count
                 A         B        C        D         E       F
            +---------+---------+-------+---------+---------+-------
      Total |      62 |       0 |   0.0 |      29 |       0 |   0.0
            +---------+---------+-------+---------+---------+-------
        D:1 |      43 |       0 |   0.0 |      24 |       0 |   0.0
        D:2 |      19 |       0 |   0.0 |       5 |       0 |   0.0
            +---------+---------+-------+---------+---------+-------

Skill      XL: |  1  2 |
---------------+-------+-----
Axes           | 4 |  4.5
Fighting       | |  3.0
Armour         | |  1.7
Dodging        | |  1.7

Action                     || total
---------------------------++-------
  Melee: Dagger            ||    54
         Hand axe          ||    61
    Use: Potion            ||     2
         Scroll            ||     1
 Armour: Animal skin       ||    29
         Leather armour    ||    11
  Dodge: Dodged            ||    37

Illustrated notes

Table legend:
 A = Kills in this place as a percentage of kills in the entire game.
 B = Kills by you in this place as a percentage of kills by you in the entire game.
 C = Kills by friends in this place as a percentage of kills by friends in the entire game.
 D = Other kills in this place as a percentage of other kills in the entire game.
 E = Experience gained in this place as a percentage of experience gained in the entire game.
 F = Experience gained in this place divided by the number of levels of this place that you have seen.
                   A       B       C       D       E      F
               +-------+-------+-------+-------+-------+----------------------
         Total | 100.0 | 100.0 |   N/A |   N/A | 100.0 |  31.0
       Dungeon | 100.0 | 100.0 |   N/A |   N/A | 100.0 |  31.0
               +-------+-------+-------+-------+-------+----------------------

Table legend: (Time is in decaauts)
 A = Elapsed time spent in this place.
 B = Non-inter-level travel time spent in this place.
 C = Inter-level travel time spent in this place.
 D = Time resting spent in this place.
 E = Time spent auto-exploring this place.
 F = Levels seen in this place.
 G = Mean time per level.
                   A        B        C        D        E       F      G
               +--------+--------+--------+--------+--------+-----+--------+
         Total |   1038 |    969 |     69 |      0 |    780 |   2 |  519.0 |
       Dungeon |   1038 |    969 |     69 |      0 |    780 |   2 |  519.0 |
               +--------+--------+--------+--------+--------+-----+--------+

Top non-repeatable levels by time:
     D:1: 869 daAuts
     D:2: 169 daAuts
